 Dungeon Crawl Stone Soup version 0.30-a0-626-gd6a5dd7a1f (webtiles) character file.

Game seed: 7037223989401443614

2233 testman the Magician (level 9, 0/75 HPs)
             Began as a Purple Draconian Transmuter on Jan 11, 2023.
             Was a Priest of Nemelex Xobeh.
             Slain by a wyvern (3 damage)
             ... on level 7 of the Dungeon.
             The game lasted 00:19:28 (6787 turns).

testman the Magician (Purple Draconian Transmuter)  Turns: 6787, Time: 00:19:28

Health: 0/75       AC:  2    Str: 12    XL:     9   Next: 14%
Magic:  17/18      EV: 19    Int: 18    God:    Nemelex Xobeh [***...]
Gold:   195        SH:  0    Dex: 17    Spells: 7/20 levels left

rFire   . . .      SeeInvis +      - Unarmed
rCold   + . .      Faith    .    (shield currently unavailable)
rNeg    . . .      Spirit   .    (body armour unavailable)
rPois   x          Reflect  .    (helmet currently unavailable)
rElec   .          Harm     .    (cloak currently unavailable)
rCorr   .          Rampage  .    (gloves currently unavailable)
Will    +....                    (boots currently unavailable)
Stlth   ++                       (no amulet)
HPRegen 0.32/turn                r - ring of see invisible
MPRegen 0.16/turn                v - ring of protection from cold

@: spider-form, wereblooded
A: venomous fangs, (breathe power), AC +7, tiny, unfitting armour,
(cold-blooded)
a: End Transformation, Renounce Religion, Draw Escape, Draw Destruction, Draw
Summoning, Triple Draw


You were on level 7 of the Dungeon.
You worshipped Nemelex Xobeh.
Nemelex Xobeh was most pleased with you.
You were a venomous arachnid creature.
You visited 1 branch of the dungeon, and saw 7 of its levels.

You collected 303 gold pieces.
You spent 108 gold pieces at shops.

Inventory:

Hand Weapons
 q - a +2 dagger of draining
Armour
 t - a +0 pair of gloves (melded)
Magical Staves
 i - a staff of cold
Jewellery
 r - a ring of see invisible (left front pincers)
 v - a ring of protection from cold (right front pincers)
 B - an amulet of faith
 F - a ring of poison resistance
Wands
 u - a wand of digging (6)
 w - a wand of roots (14)
 A - a wand of flame (12)
Scrolls
 b - 7 scrolls of identify {unknown}
 c - 2 scrolls of fog {unknown}
 d - a scroll of poison {unknown}
 f - 2 scrolls of enchant weapon {unknown}
 g - 3 scrolls of teleportation {unknown}
 l - a scroll of noise {unknown}
 m - a scroll of brand weapon {unknown}
 n - 2 scrolls of magic mapping {unknown}
 s - a scroll of immolation {unknown}
 y - a scroll of amnesia {unknown}
 C - a scroll of fear {unknown}
 E - a scroll of enchant armour {unknown}
 G - a scroll of vulnerability {unknown}
Potions
 a - 2 potions of lignification
 e - 3 potions of mutation {unknown}
 h - 4 potions of flight {unknown}
 j - a potion of attraction {unknown}
 k - 2 potions of haste {unknown}
 o - a potion of ambrosia {unknown}
 p - a potion of cancellation {unknown}
 x - 2 potions of might {unknown}
 z - a potion of resistance {unknown}
 D - a potion of heal wounds {unknown}


   Skills:
 + Level 5.8 Fighting
 - Level 1.7 Dodging
 + Level 6.1 Unarmed Combat
 + Level 6.3 Spellcasting
 + Level 5.6 Transmutations
 + Level 4.6 Ice Magic
 + Level 2.6 Poison Magic


You had 7 spell levels left.
You knew the following spells:

 Your Spells              Type           Power      Damage    Failure   Level
a - Beastly Appendage     Tmut           52%        N/A       5%          1
b - Wereblood             Tmut           26%        N/A       8%          2
c - Ice Form              Ice/Tmut       24%        N/A       32%         4
d - Ensorcelled Hibernat  Hex/Ice        28%        N/A       19%         2
e - Sting                 Tmut/Pois      80%        1d7       8%          1
f - Spider Form           Tmut/Pois      20%        N/A       17%         3

Your spell library contained the following spells:

 Spells                   Type           Power      Damage    Failure   Level
 Poisonous Vapours        Pois/Air       20%        N/A       24%         2
 Call Canine Familiar     Summ           5%         N/A       56%         3
 Olgreb's Toxic Radiance  Pois           15%        N/A       58%         4
 Anguish                  Hex/Necr       2%         N/A       89%         4
 Monstrous Menagerie      Summ           2%         N/A       100%        7
 Spellforged Servitor     Conj/Summ      2%         N/A       100%        7


Dungeon Overview and Level Annotations

Branches:
Dungeon (7/15)
 Temple: D:4-7

Altars:
Hepliaklqana
Makhleb
Nemelex Xobeh
Vehumet

Shops:
D:2 [   D:3 [


Innate Abilities, Weirdness & Mutations

You are a venomous arachnid creature.
You have venomous fangs.
You are tiny and dextrous.
Your spellcasting is less reliable in this form.
Your armour is entirely melded.
You are incapable of wielding weapons or throwing items.
((You can breathe bolts of dispelling energy.))
((Your rich purple scales are hard. (AC +7)))
You cannot fit into any form of body armour.
((You are cold-blooded and may be slowed by cold attacks.))


Message History

The wyvern twists and deforms.
The giant cockroach misses you.
You draw a card...
You have drawn the Orb.
Press: ? - help, Shift-Dir - straight line, f - sky beast
Aim: a sky beast (moderately wounded, misshapen and mutated)
The wavering orb of destruction weakly hits the giant cockroach!
You feel a bit better.
You blow up the giant cockroach!
The wavering orb of destruction weakly hits the worm!
The worm is severely wounded.
The sky beast completely misses you. The worm bites you.
* * * LOW HITPOINT WARNING * * *
You bite the sky beast!
The sky beast is poisoned.
The sky beast is heavily wounded.
The sky beast misses you.
You bite the worm!
You feel a bit better.
You kill the worm!
The sky beast flickers out of sight for a moment.
The sky beast misses you.
You bite the wyvern!
The wyvern is poisoned.
The wyvern is moderately wounded.
The wyvern bites you.
* * * LOW HITPOINT WARNING * * *
The sky beast completely misses you.
You draw a card...
You have drawn the Elixir.
You begin rapidly regenerating health and magic.
You hiss as the wereblood boils in your veins!
The wyvern bites you!
* * * LOW HITPOINT WARNING * * *
A white imp comes into view.
The sky beast hits you.
* * * LOW HITPOINT WARNING * * *
The sky beast shocks you.
* * * LOW HITPOINT WARNING * * *
The wyvern misses you.
You hit the sky beast but do no damage.
The sky beast is severely wounded.
The wyvern bites you.
You die...
Your body disappears without a glow.

. ## +# ..##.##
##.# ..... ...#
5... ...+ #..
...#
..###..##...##..
.......ls.......
.......Y.)......
...##..#######..
. #.. #... #...
#... #... ##..


You could see a wyvern (very poisoned, misshapen), a sky beast (invisible, very
poisoned, misshapen) and a white imp.

Vanquished Creatures
  Edmund (D:6)
  An ice beast (D:6)
  2 sky beasts (D:6)
  A black bear (D:6)
  4 ogres
  A centaur (D:5)
  A phantom (D:5)
  A bullfrog (D:6)
  6 scorpions
  A howler monkey (D:6)
  A crimson imp (D:5)
  An orc priest (D:6)
  2 jellies
  5 hounds
  Jessica (D:2)
  6 iguanas
  2 orc wizards
  Ijyb (D:4)
  Robin (D:3)
  7 adders
  3 gnolls (D:2)
  3 white imps
  2 ufetubi (D:5)
  3 worms
  3 dart slugs
  19 orcs
  5 bats
  6 endoplasms
  A giant cockroach (D:7)
  15 goblins
  11 hobgoblins
  19 jackals
  4 quokkas
  10 ball pythons
  4 frilled lizards
  9 kobolds
  3 rats
166 creatures vanquished.

Notes
Turn   | Place    | Note
-------+----------+-------------------------------------------
     0 | D:1      | testman the Draconian Transmuter began the quest for the
                  | Orb.
     0 | D:1      | Reached XP level 1. HP: 16/16 MP: 3/3
   135 | D:1      | Reached XP level 2. HP: 23/23 MP: 3/5
   424 | D:1      | Learned a level 2 spell: Wereblood
   483 | D:1      | Reached XP level 3. HP: 29/29 MP: 4/6
   513 | D:1      | Got the Tome of the Band
   759 | D:2      | Found Ibeiwoco's Armour Shoppe.
   797 | D:2      | Found a sparkling altar of Nemelex Xobeh.
   807 | D:2      | Became a worshipper of Nemelex Xobeh the Trickster
   921 | D:2      | Reached XP level 4. HP: 37/37 MP: 4/7
  1236 | D:2      | Noticed Jessica
  1247 | D:2      | Killed Jessica
  1369 | D:3      | Reached * piety under Nemelex Xobeh
  1488 | D:3      | Received a gift from Nemelex Xobeh
  1598 | D:3      | Noticed Robin
  1629 | D:3      | Killed Robin
  1630 | D:3      | Reached skill level 1 in Ice Magic
  1630 | D:3      | Reached XP level 5. HP: 30/42 MP: 7/9
  2076 | D:3      | Found Duoxol's Antique Armour Emporium.
  2083 | D:3      | Bought a pair of gloves for 108 gold pieces
  2151 | D:3      | Found a hazy altar of Hepliaklqana.
  2675 | D:4      | Noticed an ogre
  2682 | D:4      | Learned a level 4 spell: Ice Form
  2805 | D:4      | Killed an ogre
  2806 | D:4      | Reached XP level 6. HP: 51/51 MP: 4/11
  3085 | D:4      | Noticed Ijyb
  3097 | D:4      | Killed Ijyb
  3835 | D:5      | Entered Level 5 of the Dungeon
  3913 | D:5      | Your scales start taking on a rich purple colour.
  3913 | D:5      | Reached XP level 7. HP: 31/58 MP: 11/13
  4042 | D:5      | Reached ** piety under Nemelex Xobeh
  4361 | D:5      | Reached skill level 5 in Unarmed Combat
  4361 | D:5      | Reached skill level 5 in Spellcasting
  4368 | D:5      | Learned a level 2 spell: Ensorcelled Hibernation
  4453 | D:5      | Reached XP level 8. HP: 48/67 MP: 15/15
  4766 | D:5      | Learned a level 1 spell: Sting
  4909 | D:5      | Found a radiant altar of Vehumet.
  4909 | D:5      | Found a burning altar of Makhleb.
  5684 | D:6      | Reached skill level 5 in Fighting
  5684 | D:6      | Reached skill level 5 in Transmutations
  5684 | D:6      | Reached skill level 1 in Poison Magic
  5829 | D:6      | Noticed Edmund
  5847 | D:6      | Killed Edmund
  6150 | D:6      | Reached XP level 9. HP: 66/74 MP: 15/18
  6302 | D:6      | Found a sparkling altar of Nemelex Xobeh.
  6509 | D:6      | Learned a level 3 spell: Spider Form
  6556 | D:6      | Reached *** piety under Nemelex Xobeh
  6556 | D:6      | Received a gift from Nemelex Xobeh
  6786 | D:7      | HP: 3/75 [sky beast (3)]
  6787 | D:7      | Slain by a wyvern

Illustrated notes

Levels and vault maps discovered:
D:1:      dpeg_arrival_radiant, layout_basic, supply_closet_lemuel,
          minmay_misc_feat_hallway, minivault_4
D:2:      layout_rooms, serial_shops, shop, basic_altar, uniq_jessica
D:3:      layout_basic, nicolae_overflow_hidden_temple, serial_shops, shop,
          hangedman_decor_lopped, grunt_decor_fettered, grunt_ministairs_2,
          minmay_quantized, uniq_robin
D:4:      layout_basic, uniq_ijyb
D:5:      minmay_skewed_foursquare, layout_loops_corners,
          grunt_temple_overflow_lords_of_destruction
D:6:      layout_gridville, mainiacjoe_overflow_alcove_1, uniq_edmund
D:7:      layout_gridville, lemuel_coloured_pillars_altar,
          minmay_temple_entry_enclosed_plants

Skill      XL: |  1  2  3  4  5  6  7  8 |
---------------+-------------------------+-----
Fighting       | 2 3 4 5 |  5.8
Transmutations | 3 4 5 |  5.6
Ice Magic      | 1 2 3 4 |  4.6
Spellcasting   | 3 4 5 6 |  6.3
Unarmed Combat | 4 5 6 |  6.1
Poison Magic   | 2 |  2.6
Dodging        | |  1.7

Action                   |  1- 3 |  4- 6 |  7- 9 || total
-------------------------+-------+-------+-------++-------
Melee: Unarmed           |    94 |   201 |   230 ||   525
       Headbutt          |    12 |    17 |    31 ||    60
       Punch             |     3 |     6 |    10 ||    19
       Kick              |    16 |    42 |    56 ||   114
       Tailslap          |    13 |    19 |    24 ||    56
 Cast: Beastly Appendage |    16 |    20 |    23 ||    59
       Wereblood         |     1 |     9 |     6 ||    16
       Ice Form          |       |     1 |       ||     1
       Sting             |       |       |    22 ||    22
       Spider Form       |       |       |     1 ||     1
Invok: Draw Destruction  |       |       |     2 ||     2
       Draw Escape       |       |       |     1 ||     1
 Stab: Sleeping          |       |       |     1 ||     1
Armor: Skin              |    30 |    44 |    61 ||   135
Dodge: Dodged            |    61 |   111 |   138 ||   310

Table legend: (Time is in decaauts)
 A = Elapsed time spent in this place.
 B = Non-inter-level travel time spent in this place.
 C = Inter-level travel time spent in this place.
 D = Time resting spent in this place.
 E = Time spent auto-exploring this place.
 F = Levels seen in this place.
 G = Mean time per level.
                   A        B        C        D        E       F      G
               +--------+--------+--------+--------+--------+-----+--------+
         Total |   6740 |   6475 |    265 |    367 |   5042 |   7 |  962.9 |
       Dungeon |   6740 |   6475 |    265 |    367 |   5042 |   7 |  962.9 |
               +--------+--------+--------+--------+--------+-----+--------+

Top non-repeatable levels by time:
     D:5: 1827 daAuts
     D:4: 1434 daAuts
     D:3: 1077 daAuts
     D:6: 1075 daAuts
     D:1: 756 daAuts
     D:2: 546 daAuts
     D:7: 23 daAuts
